 Dungeon Crawl Stone Soup version 0.24-a0-459-g225fefd530 (webtiles) character file.

Game seed: 4502672934488486071

834 Murumi the Shield-Bearer (level 8, -4/63 HPs)
             Began as a Formicid Fighter on June 30, 2019.
             Slain by a two-headed ogre
             ... wielding a +0 giant spiked club
              (10 damage)
             ... on level 8 of the Dungeon.
             The game lasted 00:19:03 (5169 turns).

Murumi the Shield-Bearer (Formicid Fighter)         Turns: 5169, Time: 00:19:03

Health: -4/63      AC: 17    Str: 20    XL:     8   Next: 18%
Magic:  20/20      EV:  2    Int: 11    God:
Gold:   357        SH: 11    Dex: 10    Spells: 7/7 levels left

rFire    + . .     SeeInvis +   a - +1 long sword
rCold    + . .     Gourm    .   c - +1 shield
rNeg     . . .     Faith    .   o - +1 gold dragon scales
rPois    +         Spirit   .   (helmet unavailable)
rElec    .         Reflect  .   p - +0 cloak
rCorr    .         Harm     .   e - +0 pair of gloves
MR       .....                  (no boots)
Stlth    ..........             (no amulet)
HPRegen  0.20/turn              (no ring)
MPRegen  0.17/turn              d - ring of magical power

@: no status effects
A: permanent stasis, dig shafts and tunnels, four strong arms, antennae 3
a: Dig, Shaft Self


You were on level 8 of the Dungeon.
You were not hungry.

You visited 1 branch of the dungeon, and saw 7 of its levels.

You collected 357 gold pieces.

Inventory:

Hand Weapons
 a - a +1 long sword (weapon)
Missiles
 h - 11 poisoned darts (quivered)
 k - 155 stones
 l - 3 boomerangs
Armour
 c - a +1 shield (worn)
 e - a +0 pair of gloves (worn)
 o - +1 gold dragon scales (worn)
 p - a +0 cloak (worn)
Jewellery
 d - a ring of magical power (right hand)
Wands
 j - a wand of flame (17)
 r - a wand of polymorph (5)
Scrolls
 b - a scroll of magic mapping
 i - 2 scrolls of remove curse
 n - 3 scrolls of amnesia
 q - a scroll of enchant weapon
 u - a scroll of fear
Comestibles
 f - 14 rations


   Skills:
 - Level 5.4 Fighting
 - Level 4.0 Long Blades
 + Level 4.5 Armour
 - Level 1.0 Dodging
 - Level 6.1 Shields
 - Level 4.3 Evocations


You had 7 spell levels left.
You didn't know any spells.
Your spell library contained the following spells:

 Spells                   Type           Power        Failure   Level  Hunger
 Corona                   Hex            #......      100%        1    ##.....
 Ensorcelled Hibernation  Hex/Ice        #.....       100%        2    ###....
 Confuse                  Hex            #.......     100%        3    ####...
 Dazzling Spray           Conj/Hex       #.....       100%        3    ####...
 Tukima's Dance           Hex            #.......     100%        3    ####...


Dungeon Overview and Level Annotations

Branches:
Dungeon (6/15)
 Temple: D:4-7

Altars:
Ashenzari
Dithmenos
Gozag
Qazlal
Wu Jian
Yredelemnul
Beogh

Annotations:
D:5 3 runed translucent doors, Masnef's ghost, novice DEWz


Innate Abilities, Weirdness & Mutations

You cannot be hasted, slowed, berserked, paralysed or teleported.
You can dig through walls and to a lower floor.
Your four strong arms can wield two-handed weapons with a shield.
You have a pair of large antennae on your head. (SInv)


Message History

You block the two-headed ogre's attack.
The two-headed ogre hits you but does no damage.
Your gold dragon scales prevents you from hitting the two-headed ogre.
The two-headed ogre is severely wounded.
You block the two-headed ogre's attack.
The two-headed ogre hits you with a +0 giant club!
* * * LOW HITPOINT WARNING * * *
You barely miss the two-headed ogre.
The two-headed ogre is severely wounded.
The two-headed ogre hits you with a +0 giant spiked club.
* * * LOW HITPOINT WARNING * * *
The two-headed ogre hits you with a +0 giant club!
* * * LOW HITPOINT WARNING * * *
You feel better. You block the two-headed ogre's attack.
The two-headed ogre hits you with a +0 giant club!
* * * LOW HITPOINT WARNING * * *
You feel better.
It was a potion of cancellation.
You feel magically purged.
The two-headed ogre hits you with a +0 giant spiked club!
You die...

# #.#.####.#.#
#.##.#.#......#
.....#......#.#
#..........#
#.#....#......
#.#.#......#..
#.#.####..## #
#[........#
#@#########
#...O...#
####.(....#
..((... .###(.#
.# .# .# . ..


You could see a two-headed ogre.

Vanquished Creatures
  Sigmund (D:2)
  Menkaure (D:4)
  2 ogres
  A scorpion (D:5)
  A crimson imp (D:5)
  Crazy Yiuf (D:5)
  A bullfrog skeleton (D:4)
  2 iguanas
  A worker ant (D:4)
  A hound skeleton (D:5)
  A worker ant zombie (D:5)
  6 adders
  An ooze (D:4)
  A dart slug (D:1)
  3 leopard geckos
  4 orcs
  9 bats
  4 giant cockroaches
  5 goblins
  9 hobgoblins
  10 kobolds
  4 quokkas
  3 ball pythons
  4 frilled lizards
  2 leopard gecko skeletons (D:4)
  10 rats
88 creatures vanquished.

Notes
Turn   | Place    | Note
-------+----------+-------------------------------------------
     0 | D:1      | Murumi the Formicid Fighter began the quest for the Orb.
     0 | D:1      | Reached XP level 1. HP: 18/18 MP: 1/1
   176 | D:1      | Reached skill level 1 in Dodging
   181 | D:1      | Reached XP level 2. HP: 24/24 MP: 2/2
   437 | D:1      | Reached XP level 3. HP: 29/29 MP: 3/3
   776 | D:2      | Reached skill level 4 in Shields
   912 | D:2      | Reached XP level 4. HP: 28/36 MP: 4/4
  1084 | D:2      | Found a shadowy altar of Dithmenos.
  1084 | D:2      | Found an ornate altar of the Wu Jian Council.
  1084 | D:2      | Found a stormy altar of Qazlal.
  1084 | D:2      | Found an opulent altar of Gozag.
  1097 | D:2      | Found a basalt altar of Yredelemnul.
  1109 | D:2      | Found a shattered altar of Ashenzari.
  1315 | D:2      | Found a faded altar of an unknown god.
  1600 | D:2      | Noticed Sigmund
  1619 | D:2      | Killed Sigmund
  1619 | D:2      | Reached XP level 5. HP: 40/42 MP: 4/8
  1619 | D:2      | Reached XP level 6. HP: 45/48 MP: 4/9
  2645 | D:4      | Noticed an ogre
  2795 | D:4      | Killed an ogre
  2795 | D:4      | Reached skill level 5 in Shields
  2795 | D:4      | Reached XP level 7. HP: 54/54 MP: 10/10
  3065 | D:4      | Noticed Menkaure
  3081 | D:4      | Killed Menkaure
  3414 | D:5      | Entered Level 5 of the Dungeon
  3496 | D:5      | Reached skill level 6 in Shields
  3559 | D:5      | Noticed Masnef's ghost (novice DEWz)
  3565 | D:5      | Found a runed translucent gate.
  3565 | D:5      | Found a runed translucent gate.
  3566 | D:5      | Found a runed translucent gate.
  3566 | D:5      | Identified the +1 dagger "Jiruaho" {pierce, rPois Str+2}
  3677 | D:5      | Found a roughly hewn altar of Beogh.
  3938 | D:5      | Reached skill level 5 in Fighting
  3938 | D:5      | Reached XP level 8. HP: 46/63 MP: 11/11
  4067 | D:5      | Found a runed translucent door.
  4068 | D:5      | Noticed Crazy Yiuf
  4078 | D:5      | Killed Crazy Yiuf
  5134 | D:6      | You fall into a shaft and drop 2 floors!
  5147 | D:8      | Noticed a two-headed ogre
  5158 | D:8      | HP: 1/63 [two-headed ogre/+0 giant spiked club (23)]
  5166 | D:8      | HP: 2/63 [two-headed ogre/+0 giant spiked club (9)]
  5169 | D:8      | Slain by a two-headed ogre

Levels and vault maps discovered:
D:1:      dpeg_arrival_windows_large_door, layout_basic, minmay_small_reverse_x
D:2:      layout_basic, minmay_overflow_temple_hex,
          chequers_ecumenical_altar_simple_redux, uniq_sigmund
D:3:      layout_basic, kennysheep_generic_room_9
D:4:      layout_cave_pools, uniq_menkaure
D:5:      layout_layer_cave, biasface_ghost_orc_armoury, first_ration,
          uniq_crazy_yiuf_cottage
D:6:      layout_gridville, minmay_temple_entry_butterflies, tgw_trog,
          uniq_prince_ribbit1, uniq_edmund, uniq_pikel
D:8:      minmay_the_grid_square_5x5_3x3 [minmay_the_grid_square_5x5_comb,
          minmay_the_grid_square_5x5_pentomino_r, minmay_the_grid_square_5x5_c,
          minmay_the_grid_square_5x5_shrine1,
          minmay_the_grid_square_5x5_megaprize_hollow,
          minmay_the_grid_square_5x5_gyroscope, minmay_the_grid_square_5x5_two,
          minmay_the_grid_square_5x5_hollow_slash,
          minmay_the_grid_square_5x5_detours], layout_basic,
          kennysheep_little_box

Skill      XL: |  1  2  3  4  5  6  7 |
---------------+----------------------+-----
Dodging        | 1 |  1.0
Long Blades    | 3 4 |  4.0
Shields        | 4 5 6 |  6.1
Fighting       | 4 5 |  5.4
Evocations     | 4 |  4.3
Armour         | 4 |  4.5

Action                   |  1- 3 |  4- 6 |  7- 9 || total
-------------------------+-------+-------+-------++-------
Melee: Long sword        |    96 |   110 |   115 ||   321
Throw: Stone             |    25 |    85 |    71 ||   181
       Boomerang         |       |     3 |     2 ||     5
       Dart              |       |       |     5 ||     5
  Use: Scroll            |     6 |     8 |     1 ||    15
       Potion            |       |     2 |     6 ||     8
  Eat: Chunk             |       |     6 |     5 ||    11
       Ration            |       |       |     1 ||     1
Armor: Scale mail        |    47 |     5 |       ||    52
       Chain mail        |       |    34 |       ||    34
       Plate armour      |       |    13 |    32 ||    45
       Skin              |       |     1 |       ||     1
       Gold dragon scale |       |       |    12 ||    12
Dodge: Dodged            |    22 |    28 |    16 ||    66
Block: Shield            |    47 |    46 |    53 ||   146
       Rpst.: Long sword |     7 |     8 |     3 ||    18

Table legend:
 A = Non-vault XP
 B = Vault XP
 C = Vault XP percentage of total XP
 D = Non-vault monster count
 E = Vault monster count
 F = Vault count percentage of total count
                 A         B        C        D         E       F
            +---------+---------+-------+---------+---------+-------
      Total |     741 |     451 |  37.8 |      81 |       7 |   8.0
            +---------+---------+-------+---------+---------+-------
        D:1 |      41 |       9 |  18.0 |      24 |       4 |  14.3
        D:2 |      59 |     231 |  79.7 |      22 |       1 |   4.3
        D:3 |      65 |       0 |   0.0 |      17 |       0 |   0.0
        D:4 |     250 |     172 |  40.8 |       8 |       1 |  11.1
        D:5 |     323 |      39 |  10.8 |       9 |       1 |  10.0
        D:8 |       3 |       0 |   0.0 |       1 |       0 |   0.0
            +---------+---------+-------+---------+---------+-------
